 Dungeon Crawl Stone Soup version 0.20-a0-3-g334f831 (webtiles) character file.

8246 sveltemanboy the Spear-Bearer (level 11, -11/72 HPs)
             Began as a Demonspawn Gladiator on Oct 30, 2016.
             Was a High Priest of Okawaru.
             Killed by divine providence
             ... invoked by a smoke demon
             ... summoned by an orc high priest
              (13 damage)
             ... in a bailey.
             The game lasted 00:23:36 (9901 turns).

sveltemanboy the Spear-Bearer (DsGl)                Turns: 9901, Time: 00:23:37

Health: -11/72     AC: 20    Str: 22    XL:     11   Next: 7%
Magic:  16/16      EV: 11    Int:  9    God:    Okawaru [*****.]
Gold:   500        SH:  0    Dex: 13    Spells: 0 memorised, 10 levels left

rFire  + + .     SeeInvis .     a - +1 trident
rCold  + . .     Gourm    +     j - +0 plate armour {rF+}
rNeg   . . .     Faith    .     (no shield)
rPois  +         Spirit   .     c - +1 helmet
rElec  .         Reflect  .     d - +0 cloak
rCorr  .         Harm     .     (no gloves)
MR     .....                    (no boots)
Stlth  ..........               I - amulet of the gourmand
                                D - ring of Tonytree {rF+ rC+ Str+2 Stlth+}
                                q - +3 ring of evasion

@: no status effects
A: hooves 1, slimy green scales 3, demonic guardian 1, powered by pain 1
a: Heroism, Finesse, Renounce Religion


You were in a bailey.
You worshipped Okawaru.
Okawaru was extremely pleased with you.
You were completely stuffed.

You visited 2 branches of the dungeon, and saw 12 of its levels.
You also visited: Bailey.

You collected 500 gold pieces.

Inventory:

Hand Weapons
 a - a +1 trident (weapon)
Missiles
 x - 4 tomahawks
 B - a throwing net
 J - 8 javelins of returning
 L - 8 poisoned javelins (quivered)
Armour
 c - a +1 helmet (worn)
 d - a +0 cloak (worn)
 j - a +0 plate armour of fire resistance (worn)
 F - a +0 buckler
Jewellery
 q - a +3 ring of evasion (left hand)
 D - the ring of Tonytree (right hand) {rF+ rC+ Str+2 Stlth+}
   (You found it on level 9 of the Dungeon)

   [ring of stealth]

   It affects your strength (+2).
   It protects you from fire.
   It protects you from cold.
   It makes you more stealthy.
 I - an amulet of the gourmand (around neck)
Wands
 s - a wand of paralysis (7/24)
 y - a wand of disintegration (16/24)
 H - a wand of lightning (5/15)
Scrolls
 g - 4 scrolls of teleportation
 k - 3 scrolls of remove curse
 G - a scroll of recharging
Potions
 e - 4 potions of magic {unknown}
 h - a potion of flight
 i - 5 potions of lignification {unknown}
 l - a potion of berserk rage
 m - a potion of curing
 p - a potion of ambrosia
 r - a potion of might
 t - 2 potions of cancellation {unknown}
 u - 2 potions of mutation {unknown}
 w - 3 potions of heal wounds {unknown}
 z - 3 potions of agility
 A - a potion of invisibility
 C - a potion of resistance
Comestibles
 b - 6 fruits
 f - 8 bread rations
 n - 2 slices of pizza
 o - 9 beef jerkies
 v - 5 meat rations
 E - a chunk of flesh


   Skills:
 - Level 2.0 Fighting
 - Level 14.0 Polearms
 - Level 1.7 Throwing
 - Level 6.0 Armour
 + Level 3.2 Dodging
 + Level 2.0 Shields
 + Level 7.4 Invocations


You had 10 spell levels left.
You didn't know any spells.

Dungeon Overview and Level Annotations

Branches:
Dungeon (11/15)            Temple (1/1) D:5            Lair (0/6) D:11
    Orc (0/2) D:9

Altars:
Ashenzari
Cheibriados
Dithmenos
Elyvilon
Fedhas
Gozag
Hepliaklqana
Kikubaaqudgha
Makhleb
Nemelex Xobeh
Okawaru
Qazlal
Ru
Sif Muna
Uskayaw
Vehumet
Yredelemnul
Zin
The Shining One


Innate Abilities, Weirdness & Mutations

You have large cloven feet.
You are completely covered in slimy green scales. (AC +4, rPois)
A weak demonic guardian rushes to your aid.
You sometimes gain a little power by taking damage.


Message History

The smoke demon closely misses your white imp.
The smoke demon hits your white imp. x2
Your white imp gestures at the smoke demon.
The puff of frost hits the smoke demon.
Your white imp closely misses the smoke demon.
Your white imp hits the smoke demon but does no damage.
Your white imp hits the orc high priest.
Your white imp freezes the orc high priest.
There is a gate leading back out of this place here.
The sun demon hits you!!
* * * LOW HITPOINT WARNING * * *
You are engulfed in flames.
You resist.
* * * LOW HITPOINT WARNING * * *
The sun demon hits you.
* * * LOW HITPOINT WARNING * * *
You are engulfed in flames.
You resist.
* * * LOW HITPOINT WARNING * * *
The smoke demon gestures at you. Beogh smites you!
You die...

..# #≈≈≈≈≈# 8.#
#≈≈≈≈≈#
..######≈≈≈≈≈#
.....#.≈≈≈≈≈≈#
.....#.≈≈≈≈≈.######
###)'#.≈≈≈≈≈......#
.....#.≈≈≈≈≈......###
.....)....5.........#
..⌠..)......o3.3@..∩#
.....'.........4....#
.....#.≈≈≈≈≈......###
###++#.≈≈≈≈≈......#
#.≈≈≈≈≈.######
#.≈≈≈≈≈≈# ###≈≈≈≈≈#
#≈≈≈≈≈# #≈≈≈≈≈#


You could see an orc high priest, a sun demon, a rust devil, a smoke demon and a
friendly white imp.

Vanquished Creatures
  2 hill giants (D:10)
  Pikel (D:7)
  A troll (D:10)
  A two-headed ogre (D:9)
  2 hornets (D:10)
  2 hippogriffs
  Sigmund (D:2)
  4 yaks (D:10)
  A water moccasin (D:9)
  2 ice beasts
  5 orc warriors
  3 sky beasts
  A slave (D:7)
  5 phantoms
  3 centaurs
  3 ogres
  8 bullfrogs
  A gnoll sergeant (D:8)
  2 scorpions
  Dowan (D:6)
  4 wights (D:11)
  2 howler monkeys (D:8)
  An electric eel (Bailey)
  5 crimson imps
  2 centaur zombies
  A lava snake (D:9)
  A bullfrog zombie (D:7)
  A centaur skeleton (D:10)
  2 hounds
  6 orc wizards
  Crazy Yiuf (D:3)
  A bullfrog skeleton (D:6)
  Jessica (D:2)
  3 iguanas
  4 worker ants
  2 hound zombies
  A hound skeleton (D:10)
  A worker ant zombie (D:5)
  9 gnolls
  A howler monkey skeleton (D:7)
  3 adders
  2 shadow imps
  5 oozes
  An adder skeleton (D:4)
  4 worms
  A dart slug (D:4)
  4 leopard geckos
  29 orcs
  4 bats
  8 giant cockroaches
  8 goblins
  10 hobgoblins
  13 jackals
  3 quokkas
  2 ball pythons
  6 frilled lizards
  A jackal skeleton (D:4)
  5 kobolds
  A quokka zombie (D:6)
  4 rats
212 creatures vanquished.

Vanquished Creatures (collateral kills)
  A hill giant (D:10)
  A troll (D:10)
  A yak (D:10)
  Duvessa (D:6)
4 creatures vanquished.

Vanquished Creatures (others)
  A slave (D:7)
1 creature vanquished.

Grand Total: 217 creatures vanquished

Notes
Turn   | Place    | Note
-------+----------+-------------------------------------------
     0 | D:1      | sveltemanboy the Demonspawn Gladiator began the quest for the Orb.
     0 | D:1      | Reached XP level 1. HP: 16/16 MP: 1/1
   523 | D:1      | Reached skill level 1 in Armour
   539 | D:1      | Reached skill level 3 in Polearms
   539 | D:1      | Gained mutation: You are partially covered in slimy green scales. (AC +2) [demonic ancestry]
   539 | D:1      | Reached XP level 2. HP: 22/22 MP: 2/2
  1195 | D:2      | Noticed Jessica
  1205 | D:2      | Killed Jessica
  1205 | D:2      | Gained mutation: A weak demonic guardian rushes to your aid. [demonic ancestry]
  1205 | D:2      | Reached XP level 3. HP: 27/27 MP: 3/3
  1354 | D:2      | Noticed Sigmund
  1379 | D:2      | Killed Sigmund
  1379 | D:2      | Reached skill level 4 in Polearms
  1379 | D:2      | Gained mutation: You have large cloven feet. [demonic ancestry]
  1379 | D:2      | Reached XP level 4. HP: 26/33 MP: 4/4
  1379 | D:2      | Reached XP level 5. HP: 30/38 MP: 5/5
  1493 | D:2      | Reached skill level 5 in Polearms
  2475 | D:3      | Gained mutation: You are mostly covered in slimy green scales. (AC +3) [demonic ancestry]
  2475 | D:3      | Reached XP level 6. HP: 39/44 MP: 6/6
  2602 | D:3      | Found a runed door.
  2606 | D:3      | Noticed Crazy Yiuf
  2616 | D:3      | Killed Crazy Yiuf
  3109 | D:4      | Reached skill level 12 in Polearms
  3109 | D:4      | Reached XP level 7. HP: 50/50 MP: 7/7
  3783 | D:5      | Entered Level 5 of the Dungeon
  4032 | D:5      | Found a staircase to the Ecumenical Temple.
  4037 | Temple   | Entered the Ecumenical Temple
  4080 | Temple   | Became a worshipper of Warmaster Okawaru
  4159 | D:5      | Reached XP level 8. HP: 52/56 MP: 8/8
  4444 | D:5      | Reached skill level 1 in Invocations
  4835 | D:6      | Noticed Dowan
  4868 | D:6      | Killed Dowan
  4879 | D:6      | Noticed Duvessa
  4905 | D:6      | Killed Duvessa
  4930 | D:6      | Reached * piety under Okawaru
  5028 | D:6      | Found a white marble altar of Elyvilon.
  5055 | D:6      | Found a hazy altar of Hepliaklqana.
  5437 | D:7      | Noticed Pikel
  5459 | D:7      | Killed Pikel
  5459 | D:7      | Gained mutation: You sometimes gain a little power by taking damage. [demonic ancestry]
  5459 | D:7      | Reached XP level 9. HP: 38/61 MP: 9/11
  6054 | D:7      | Reached skill level 13 in Polearms
  6725 | D:8      | Reached ** piety under Okawaru
  7537 | D:9      | Got a fine granite ring
  7538 | D:9      | Identified the ring of Tonytree {rF+ rC+ Str+2 Stlth+} (You found it on level 9 of the Dungeon)
  7565 | D:9      | Found a glowing silver altar of Zin.
  7572 | D:9      | Found a staircase to the Orcish Mines.
  7629 | D:9      | Reached skill level 5 in Invocations
  7665 | D:9      | Reached *** piety under Okawaru
  7894 | D:9      | Reached XP level 10. HP: 67/67 MP: 13/13
  8171 | D:10     | Entered Level 10 of the Dungeon
  8241 | D:10     | Noticed a hill giant
  8251 | D:10     | Killed a hill giant
  8251 | D:10     | Reached skill level 5 in Armour
  8268 | D:10     | Reached **** piety under Okawaru
  8896 | D:10     | Noticed a hill giant
  8915 | D:10     | Killed a hill giant
  8915 | D:10     | Reached ***** piety under Okawaru
  8964 | D:10     | Paralysed by a hornet for 1 turns
  9026 | D:10     | Reached skill level 14 in Polearms
  9040 | D:10     | Received a gift from Okawaru
  9084 | D:10     | Noticed a hill giant
  9099 | D:10     | Killed a hill giant
  9099 | D:10     | Received a gift from Okawaru
  9099 | D:10     | Reached skill level 1 in Shields
  9324 | D:10     | Gained mutation: You are completely covered in slimy green scales. (AC +4, rPois) [demonic ancestry]
  9324 | D:10     | Reached XP level 11. HP: 66/72 MP: 16/16
  9659 | D:11     | Found a flagged portal.
  9679 | Bailey   | Entered a bailey
  9872 | Bailey   | Noticed an orc high priest
  9883 | Bailey   | Noticed a sun demon
  9901 | Bailey   | HP: 2/72 [sun demon[an orc high priest] (3)]
  9901 | Bailey   | Killed from afar by a smoke demon

Vault maps used:
D:1:      mrwooster_arrival_statue_3
D:2:      uniq_jessica, uniq_sigmund
D:3:      first_bread, uniq_crazy_yiuf_cottage
D:6:      basic_altar, elyvilon_altar_4, uniq_duvessa
D:7:      grunt_ogre_cave, moated_statue, uniq_pikel
D:8:      grunt_ministairs_1
D:9:      basic_altar
D:10:     minivault_11, minmay_misc_feat_x, minmay_misc_feat_hallway
D:11:     lair_0_dummy, enter_bailey_3, eino_jars
Temple:   kilobyte_greek_temple
Bailey:   bailey_axe_of_yendor_kennysheep, bailey

Skill      XL: |  1  2  3  4  5  6  7  8  9 10 11 |
---------------+----------------------------------+-----
Armour         | 1 2 3 4 6 |  6.0
Polearms       | 3 4 5 12 13 14 | 14.0
Dodging        | 3 |  3.2
Invocations    | 3 5 7 |  7.4
Shields        | 1 2 |  2.0
Fighting       | |  2.0
Throwing       | |  1.7

Action                   |  1- 3 |  4- 6 |  7- 9 | 10-12 || total
-------------------------+-------+-------+-------+-------++-------
Melee: Trident           |   111 |   166 |   499 |   401 ||  1177
       Kick              |       |    34 |    99 |   112 ||   245
Throw: Throwing net      |     2 |     2 |       |       ||     4
       Tomahawk          |       |       |     6 |       ||     6
  Use: Scroll            |       |     6 |     6 |     7 ||    19
       Potion            |       |     1 |       |       ||     1
 Stab: Distracted        |       |       |     2 |     3 ||     5
  Eat: Chunk             |     1 |     6 |    30 |    11 ||    48
Armor: Ring mail         |    29 |    46 |     9 |       ||    84
       Chain mail        |       |       |     9 |       ||     9
       Plate armour      |       |       |   117 |   115 ||   232
Dodge: Dodged            |    39 |    64 |   105 |    93 ||   301
